 Dungeon Crawl Stone Soup version 0.31-a0-700-gf13585253f (webtiles) character file.

Game seed: 12304604912101663028

102 SmokeWeed the Shooter (level 4, -3/45 HPs)
             Began as an Ogre Hunter on Sept 7, 2023.
             Slain by Terence
             ... wielding a +0 mace
              (5 damage)
             ... on level 2 of the Dungeon.
             The game lasted 00:05:01 (1747 turns).

SmokeWeed the Shooter (Ogre Hunter)                 Turns: 1747, Time: 00:05:02

Health: -3/45      AC:  4    Str: 15    XL:     4   Next: 77%
Magic:  4/4        EV: 15    Int: 12    God:
Gold:   75         SH:  0    Dex: 12    Spells: 3/4 levels left

rFire   . . .        a - +0 shortbow
rCold   . . .        (shield currently unavailable)
rNeg    . . .        c - +1 robe
rPois   .            (helmet restricted)
rElec   .            (no cloak)
rCorr   .            (gloves unavailable)
SInv    .            (boots unavailable)
Will    +....        (no amulet)
Stlth   +            d - +5 ring of evasion
HPRegen 0.27/turn    h - ring of willpower
MPRegen 0.09/turn

%: no passive effects
@: no status effects
A: large, unfitting armour, tough skin 1
a: no special abilities


You were on level 2 of the Dungeon.
You visited 1 branch of the dungeon, and saw 3 of its levels.

You collected 75 gold pieces.

Inventory:

Hand Weapons
 a - a +0 shortbow (weapon)
Armour
 c - a +1 robe (worn)
Jewellery
 d - a +5 ring of evasion (left hand)
 h - a ring of willpower (right hand)
Talismans
 j - a beast talisman
Scrolls
 b - a scroll of butterflies
Potions
 e - a potion of curing {unknown}
 f - a potion of heal wounds {unknown}
 g - a potion of ambrosia {unknown}
 i - a potion of cancellation {unknown}


   Skills:
 + Level 3.2 Fighting
 + Level 4.1 Ranged Weapons
 + Level 1.9 Dodging
 + Level 0.7 Stealth
 + Level 0.5 Spellcasting
 + Level 0.6 Summonings


You had 3 spell levels left.
You knew the following spells:

 Your Spells              Type           Power      Damage    Failure   Level
a - Summon Small Mammal   Summ           4%         N/A       24%         1

Your spell library contained the following spells:

 Spells                   Type           Power      Damage    Failure   Level
 Call Canine Familiar     Summ           1%         N/A       58%         3
 Summon Guardian Golem    Hex/Summ       1%         N/A       63%         3


Dungeon Overview and Level Annotations

Branches:
Dungeon (3/15)

Altars:
Zin

Annotations:
D:2 Terence


Innate Abilities, Weirdness & Mutations

You are too large for most types of armour.
You have tough skin. (AC +1)


Message History

Terence is moderately wounded.
Terence closely misses you.
Fire: a) +0 shortbow
Press: ? - help, Q - select action, (/) - cycle Shift-Dir - straight line, f/p - Terence
Aim: Terence, wielding a +0 mace and wearing a +0 ring mail (moderately wounded, 64% to hit)
You shoot an arrow. The arrow hits Terence.
Terence is heavily wounded.
Terence hits you with a +0 mace.
* * * LOW HITPOINT WARNING * * *
Fire: a) +0 shortbow
Press: ? - help, Q - select action, (/) - cycle Shift-Dir - straight line, f/p - Terence
Aim: Terence, wielding a +0 mace and wearing a +0 ring mail (heavily wounded, 64% to hit)
You shoot an arrow. The arrow hits Terence.
Terence is severely wounded.
Terence hits you with a +0 mace.
* * * LOW HITPOINT WARNING * * *
Fire: a) +0 shortbow
Press: ? - help, Q - select action, (/) - cycle Shift-Dir - straight line, f/p - Terence
Aim: Terence, wielding a +0 mace and wearing a +0 ring mail (severely wounded, 64% to hit)
You shoot an arrow.
The arrow hits Terence but does no damage.
Terence is severely wounded.
Terence hits you with a +0 mace.
* * * LOW HITPOINT WARNING * * *
Terence barely misses you.
Fire: a) +0 shortbow
Press: ? - help, Q - select action, (/) - cycle Shift-Dir - straight line, f/p - Terence
Aim: Terence, wielding a +0 mace and wearing a +0 ring mail (severely wounded, 64% to hit)
You shoot an arrow. The arrow barely misses Terence.
Terence says, "Did you write a will?
You should..."
Terence hits you with a +0 mace!
* * * LOW HITPOINT WARNING * * *
Fire: a) +0 shortbow
Press: ? - help, Q - select action, (/) - cycle Shift-Dir - straight line, f/p - Terence
Aim: Terence, wielding a +0 mace and wearing a +0 ring mail (severely wounded, 64% to hit)
You shoot an arrow.
The arrow hits Terence but does no damage.
Terence is severely wounded.
Terence hits you with a +0 mace.
You die...

......# #.# #...## ..###.# #.#
#....# ..###.#
#.#########....####
.>.##.#########......##..........
.#..............####.##.#.#.#....
.####.#########.####.##.#.#.#..##
......# #.##...............
####### #.##.#.##.#..##..#.
#.@.....#.#..##..##
#@......#..........
##.#.##.####.####.#
#.#.##.####.####.'
#.#.##.##.....####
#.#.##.##.....# # #......##.....#
# ###.#####.....# # ##.##
#.....####


You could see Terence.

Vanquished Creatures
  Natasha (D:2)
  2 adders (D:2)
  A worm (D:2)
  3 dart slugs
  A bat (D:2)
  4 endoplasms
  4 goblins
  7 hobgoblins
  4 jackals
  2 kobolds (D:1)
  3 quokkas
  4 ball pythons (D:1)
  2 frilled lizards
  2 rats (D:2)
40 creatures vanquished.

Vanquished Creatures (collateral kills)
  A dart slug (D:1)
  A kobold (D:1)
  A bat (D:2)
3 creatures vanquished.

Grand Total: 43 creatures vanquished

Notes
Turn   | Place    | Note
-------+----------+-------------------------------------------
     0 | D:1      | SmokeWeed the Ogre Hunter began the quest for the Orb.
     0 | D:1      | Reached XP level 1. HP: 22/22 MP: 1/1
    12 | D:1      | Reached skill level 3 in Ranged Weapons
    82 | D:1      | Reached XP level 2. HP: 29/29 MP: 2/2
   211 | D:1      | Learned a level 1 spell: Summon Small Mammal
   436 | D:1      | Reached XP level 3. HP: 36/36 MP: 0/3
   540 | D:1      | Found a faded altar of an unknown god.
   855 | D:2      | Found a glowing silver altar of Zin.
   994 | D:2      | Reached XP level 4. HP: 45/45 MP: 4/4
  1286 | D:2      | Noticed Terence
  1381 | D:2      | Reached skill level 4 in Ranged Weapons
  1505 | D:2      | Noticed Natasha
  1519 | D:2      | Killed Natasha
  1746 | D:2      | HP: 1/45 [Terence/+0 mace (7)]
  1747 | D:2      | Slain by Terence

Illustrated notes

Levels and vault maps discovered:
D:1:      onia_arrival_mini_spirals, layout_basic,
          hellmonk_ecumenical_altar_dog_temple
D:2:      layout_loops_cross, basic_altar, chequers_serial_rivers_room_a,
          uniq_terence, uniq_natasha
D:3:      layout_loops_ring, gammafunk_ghost_smash,
          nicolae_kite_square_tiling_tiny

Skill      XL: |  1  2  3  4 |
---------------+-------------+-----
Ranged Weapons | 3 4 |  4.1
Fighting       | 3 |  3.2
Dodging        | |  1.9
Stealth        | |  0.7
Spellcasting   | |  0.5
Summonings     | |  0.6

Action                     |  1- 3 |  4- 6 || total
---------------------------+-------+-------++-------
   Fire: Shortbow          |    99 |    65 ||   164
   Cast: Summon Small Mamm |     4 |     4 ||     8
    Use: Scroll            |       |     3 ||     3
 Armour: Robe              |    17 |    20 ||    37
  Dodge: Dodged            |    22 |    26 ||    48

Table legend: (Time is in decaauts)
 A = Elapsed time spent in this place.
 B = Non-inter-level travel time spent in this place.
 C = Inter-level travel time spent in this place.
 D = Time resting spent in this place.
 E = Time spent auto-exploring this place.
 F = Levels seen in this place.
 G = Mean time per level.
                   A        B        C        D        E       F      G
               +--------+--------+--------+--------+--------+-----+--------+
         Total |   1789 |   1715 |     74 |    117 |   1195 |   3 |  596.3 |
       Dungeon |   1789 |   1715 |     74 |    117 |   1195 |   3 |  596.3 |
               +--------+--------+--------+--------+--------+-----+--------+

Top non-repeatable levels by time:
     D:1: 885 daAuts
     D:2: 851 daAuts
     D:3: 52 daAuts
